 Dungeon Crawl Stone Soup version 0.17.0-24-gcfadda4 (console) character file.

2515 Kloppie the Grappler (level 9, 0/79 HPs)
             Began as a Ghoul Skald on Nov 17, 2015.
             Was a Priest of Makhleb.
             Killed from afar by an orc wizard (4 damage)
             ... with a puff of flame
             ... on level 7 of the Dungeon.
             The game lasted 00:17:07 (6783 turns).

Kloppie the Grappler (Ghoul Skald)                  Turns: 6783, Time: 00:17:07

Health: 0/79       AC:  3    Str: 16    XL:     9   Next: 54%
Magic:  8/10       EV: 16    Int:  7    God:    Makhleb [***...]
Gold:   385        SH:  0    Dex: 16    Spells: 3 memorised, 5 levels left

rFire  . . .     SeeInvis .       - Unarmed
rCold  + . .     Clarity  .     t - +0 leather armour (curse)
rNeg   + + +     SustAt   .     (no shield)
rPois  ∞         Gourm    .     (no helmet)
rElec  .         Spirit   .     (no cloak)
rCorr  .         Warding  .     (no gloves)
rMut   .         Stasis   .     (no boots)
MR     .....                    (no amulet)
Stlth  ++........               (no ring)
                                (no ring)

@: confused, agile, infused (expiring), rotting, not resistant to hostile
enchantments, unstealthy
A: rotting body, claws 1, carnivore 3, cold resistance 1, negative energy
resistance 3, slow regeneration 1, torment resistance, unbreathing
a: Minor Destruction, Lesser Servant of Makhleb, Renounce Religion


You were on level 7 of the Dungeon.
You worshipped Makhleb.
Makhleb was most pleased with you.
You were not hungry.

You visited 2 branches of the dungeon, and saw 8 of its levels.

You collected 385 gold pieces.

Inventory:

Hand Weapons
 a - a +0 blowgun
Missiles
 i - 5 curare-tipped needles
 u - 33 poisoned needles
Armour
 t - a cursed +0 leather armour (worn)
Jewellery
 A - a +2 ring of intelligence {unknown}
Wands
 d - a wand of digging (13)
 C - a wand of slowing (25)
 G - a wand of draining (7)
Scrolls
 e - 2 scrolls of fog {unknown}
 f - 2 scrolls of enchant weapon {unknown}
 k - 3 scrolls of amnesia {unknown}
 l - 9 scrolls of identify {unknown}
 m - 6 scrolls of teleportation {unknown}
 n - 2 scrolls of magic mapping {unknown}
 p - 2 scrolls of blinking {unknown}
 r - a scroll of noise {unknown}
 v - 6 scrolls of remove curse {unknown}
 x - 4 scrolls of fear {unknown}
 y - a scroll of enchant armour {unknown}
Potions
 g - 2 potions of agility
 h - 3 potions of haste {unknown}
 o - 2 potions of curing {unknown}
 q - a potion of might {unknown}
 s - a potion of flight {unknown}
 w - a potion of lignification {unknown}
 z - a potion of cancellation {unknown}
 B - 2 potions of heal wounds {unknown}
Books
 b - a book of Battle

   Spells                             Type                      Level
   a - Infusion                       Charms                       1
   b - Shroud of Golubria             Charms/Translocation         2
   c - Song of Slaying                Charms                       2
   d - Spectral Weapon                Hexes/Charms                 3
   e - Regeneration                   Charms/Necromancy            3
 E - a book of Annihilations

   Spells                             Type                      Level
   a - Poison Arrow                   Conjuration/Poison           6
   b - Chain Lightning                Conjuration/Air              8
   c - Lehudib's Crystal Spear        Conjuration/Earth            8
   d - Glaciate                       Conjuration/Ice              9
   e - Fire Storm                     Conjuration/Fire             9
 H - a book of Clouds

   Spells                             Type                      Level
   a - Mephitic Cloud                 Conjuration/Poison/Air       3
   b - Conjure Flame                  Conjuration/Fire             3
   c - Poisonous Cloud                Conjuration/Poison/Air       6
   d - Freezing Cloud                 Conjuration/Ice/Air          6
   e - Ring of Flames                 Charms/Fire                  7
Comestibles
 c - 3 meat rations
 j - 5 beef jerkies
 D - 2 royal jellies
 F - a chunk of flesh


   Skills:
 + Level 7.0 Fighting
 - Level 0.8 Armour
 - Level 0.8 Dodging
 - Level 10.2 Unarmed Combat
 - Level 1.7 Spellcasting
 - Level 6.0 Charms
 + Level 1.2 Translocations


You had 5 spell levels left.
You knew the following spells:

 Your Spells              Type           Power        Failure   Level  Hunger
a - Infusion              Chrm           #.....       6%          1    ##.....
b - Shroud of Golubria    Chrm/Tloc      #.........   17%         2    ###....
c - Regeneration          Chrm/Necr      #.........   52%         3    ####...


Dungeon Overview and Level Annotations

Branches:
Dungeon (7/15)             Temple (1/1) D:4

Altars:
Ashenzari
Cheibriados
Dithmenos
Elyvilon
Fedhas
Gozag
Kikubaaqudgha
Makhleb
Nemelex Xobeh
Okawaru
Ru
Sif Muna
Trog
Vehumet
Xom
Yredelemnul
Zin
The Shining One

Shops:
D:6 %   D:7 (


Innate Abilities, Weirdness & Mutations

Your body is rotting away.
You thrive on raw meat.
You are immune to poison.
You have sharp fingernails.
You are carnivorous and can eat meat at any time.
Your flesh is cold resistant.
You are immune to negative energy.
You regenerate slowly when monsters are visible.
You are immune to unholy pain and torment.
You can survive without breathing.


Message History

You scratch something.
Your magical infusion is running out.
You hear some strange, mumbled words.
You are confused.
You scratch something but do no damage.
You hear some strange, mumbled words.
Something tries to affect you, but you resist.
You see here a chunk of flesh.
You hear some strange, mumbled words.
Something tries to affect you, but you resist.
Drink which item? (? for menu, Esc to quit)
You feel agile all of a sudden.
You hear some strange, mumbled words.
Something tries to affect you, but you resist.
You see here a chunk of flesh.
You bump into the rock wall.
You hear some strange, mumbled words.
A puff of flame appears from out of thin air!
The puff of flame hits you!
You die...

......##.#
#...#<#.##.######.#
#####.##.##....###...#.#
#.# #.##.##.#...#.#..#.#
#.# #.##.............#.#
#.#
#####.......#..#.##..#.#
#.#
..........####.#.......#
#.# #...#######
#.##....#.# #.# .###.##
#.##.#.##.# #.# ## ##.#
#).@......# #.# # #.#
#)##.#.#### #.# ## ##.#
#. #)#.# #.###
.###.###### #. #.#.#
#.... #........... ..
#.#.# ###.##.
############ ## #.#.#
#..###' #.#.# #.##≈≈.
#.#.# #.##≈8.
#.#.#######.##≈.∩


There were no monsters in sight!

Vanquished Creatures
  Pikel (D:3)
  Sigmund (D:6)
  Menkaure (D:6)
  A sky beast (D:5)
  2 phantoms
  2 orc warriors
  3 ogres
  A scorpion (D:3)
  2 crimson imps
  3 orc priests
  A centaur skeleton (D:7)
  3 hounds
  A centaur zombie (D:7)
  7 worker ants
  2 jellies
  2 giant frog skeletons
  4 orc wizards
  A hound zombie (D:7)
  A hound skeleton (D:7)
  4 gnolls (D:6)
  6 adders
  A shadow imp (D:6)
  An ooze (D:3)
  A worm (D:2)
  4 giant geckos
  28 orcs
  2 ball pythons
  3 bats (D:3)
  5 giant cockroaches
  12 goblins
  11 hobgoblins
  29 jackals
  8 kobolds
  4 quokkas
  5 giant newts
  A jackal zombie (D:6)
  8 rats
172 creatures vanquished.

Vanquished Creatures (others)
  A bat (D:3)
1 creature vanquished.

Grand Total: 173 creatures vanquished

Notes
Turn   | Place    | Note
--------------------------------------------------------------
     0 | D:1      | Kloppie the Ghoul Skald began the quest for the Orb.
     0 | D:1      | Reached XP level 1. HP: 17/17 MP: 2/2
   180 | D:1      | Reached XP level 2. HP: 24/24 MP: 3/3
   189 | D:1      | Reached skill level 3 in Unarmed Combat
   856 | D:2      | Reached XP level 3. HP: 19/29 MP: 4/4
   869 | D:2      | Found a glowing golden altar of the Shining One.
   950 | D:2      | Reached skill level 4 in Unarmed Combat
  1260 | D:2      | Reached XP level 4. HP: 36/36 MP: 5/5
  1591 | D:3      | Found a blossoming altar of Fedhas.
  1828 | D:3      | Found a radiant altar of Vehumet.
  1855 | D:3      | Reached skill level 5 in Unarmed Combat
  1906 | D:3      | Found an ancient bone altar of Kikubaaqudgha.
  2020 | D:3      | Found an iron altar of Okawaru.
  2220 | D:3      | Found a glowing silver altar of Zin.
  2271 | D:4      | Found a staircase to the Ecumenical Temple.
  2282 | Temple   | Entered the Ecumenical Temple
  2300 | Temple   | Became a worshipper of Makhleb the Destroyer
  2348 | D:4      | Reached XP level 5. HP: 9/40 MP: 6/6
  2388 | D:4      | Found a shattered altar of Ashenzari.
  2402 | D:4      | Reached skill level 6 in Unarmed Combat
  2476 | D:4      | HP: 2/40 [orc wizard/puff of frost (5)]
  2491 | D:4      | Reached XP level 6. HP: 1/47 MP: 7/7
  2519 | D:3      | HP: 1/47 [orc/dagger (2)]
  2865 | D:4      | Noticed Pikel
  2865 | D:4      | Noticed a slave
  2865 | D:4      | Noticed a slave
  2865 | D:4      | Noticed a slave
  2867 | D:4      | Noticed a slave
  3123 | D:3      | Reached skill level 7 in Unarmed Combat
  3191 | D:3      | Killed Pikel
  3191 | D:3      | Reached skill level 9 in Unarmed Combat
  3191 | D:3      | Reached XP level 7. HP: 20/55 MP: 8/8
  3474 | D:4      | Noticed an ogre
  3492 | D:4      | Killed an ogre
  3790 | D:4      | Reached XP level 8. HP: 48/60 MP: 9/9
  3886 | D:4      | Learned a level 2 spell: Shroud of Golubria
  3890 | D:4      | Learned a level 3 spell: Regeneration
  3905 | D:5      | Entered Level 5 of the Dungeon
  4006 | D:5      | Reached skill level 10 in Unarmed Combat
  4199 | D:5      | Reached * piety under Makhleb
  5100 | D:6      | Found an opulent altar of Gozag.
  5226 | D:6      | Noticed Menkaure
  5233 | D:6      | Killed Menkaure
  5233 | D:6      | Reached skill level 5 in Fighting
  5233 | D:6      | Reached XP level 9. HP: 65/74 MP: 6/10
  5259 | D:6      | Reached ** piety under Makhleb
  5259 | D:6      | Reached skill level 5 in Charms
  5309 | D:6      | Noticed Sigmund
  5317 | D:6      | Killed Sigmund
  5318 | D:6      | Found a shimmering altar of Xom.
  5370 | D:6      | Found Setosk's Food Shop.
  5942 | D:7      | Found Cogeur's Antique Weapon Shoppe.
  6352 | D:7      | Found a bloodstained altar of Trog.
  6458 | D:7      | Reached *** piety under Makhleb
  6771 | D:7      | Reached skill level 1 in Translocations
  6776 | D:7      | HP: 3/79 [something (3)]
  6783 | D:7      | Killed from afar by an orc wizard

Action                   |  1- 3 |  4- 6 |  7- 9 || total
-------------------------+-------+-------+-------++-------
Melee: Unarmed           |   123 |   193 |   299 ||   615
       Blowgun           |       |       |     1 ||     1
 Fire: Blowgun           |       |     7 |    33 ||    40
 Cast: Infusion          |       |       |     4 ||     4
       Shroud of Golubri |       |       |     1 ||     1
  Use: Potion            |       |     1 |     2 ||     3
 Stab: Distracted        |       |       |     1 ||     1
  Eat: Chunk             |     4 |    15 |    18 ||    37
